 Dungeon Crawl Stone Soup version 0.24.0-125-gc4c63601f3 (webtiles) character file.

Game seed: 506125683847152184, levelgen mode: deterministic

41 P0ring the Shield-Bearer (level 3, -4/33 HPs)
             Began as a Minotaur Fighter on Mar 10, 2020.
             Slain by an orc priest
             ... wielding a +0 mace
              (5 damage)
             ... on level 3 of the Dungeon.
             The game lasted 00:04:23 (1398 turns).

P0ring the Shield-Bearer (Minotaur Fighter)         Turns: 1398, Time: 00:04:24

Health: -4/33      AC:  7    Str: 21    XL:     3   Next: 32%
Magic:  2/2        EV:  7    Int:  5    God:
Gold:   89         SH:  9    Dex:  9    Spells: 2/2 levels left

rFire    . . .     SeeInvis .   a - +0 trident
rCold    . . .     Gourm    .   c - +0 shield
rNeg     . . .     Faith    .   b - +0 scale mail
rPois    .         Spirit   .   (helmet restricted)
rElec    .         Reflect  .   (no cloak)
rCorr    .         Harm     .   (no gloves)
MR       .....                  (no boots)
Stlth    ..........             (no amulet)
HPRegen  0.11/turn              (no ring)
MPRegen  0.08/turn              (no ring)

@: very slightly contaminated, invisible
A: retaliatory headbutt, horns 2
a: no special abilities


You were on level 3 of the Dungeon.
You were not hungry.

You visited 1 branch of the dungeon, and saw 3 of its levels.

You collected 89 gold pieces.

Inventory:

Hand Weapons
 a - a +0 trident (weapon)
Armour
 b - a +0 scale mail (worn)
 c - a +0 shield (worn)
 o - a +0 shield
Scrolls
 g - a scroll of magic mapping {unknown}
 h - a scroll of teleportation {unknown}
 i - a scroll of enchant armour {unknown}
 j - 2 scrolls of remove curse {unknown}
 l - a scroll of amnesia {unknown}
 m - a scroll of identify {unknown}
 p - a scroll of fog {unknown}
Potions
 d - a potion of might
 e - 2 potions of invisibility
 k - 2 potions of curing {unknown}
 n - a potion of agility {unknown}
 q - a potion of ambrosia {unknown}
Comestibles
 f - 2 rations
 r - a chunk of flesh


   Skills:
 + Level 4.0 Fighting
 + Level 3.0 Polearms
 + Level 4.2 Armour
 + Level 4.2 Shields


You had 2 spell levels left.
You didn't know any spells.
Your spell library was empty.

Dungeon Overview and Level Annotations

Branches:
Dungeon (3/15)

Altars:
The Shining One

Annotations:
D:3 Grinder


Innate Abilities, Weirdness & Mutations

You reflexively headbutt those who attack you in melee.
You have a pair of horns on your head.


Message History

The orc priest hits you but does no damage.
You barely miss Grinder.
Grinder is moderately wounded.
Grinder gestures at you. Pain shoots through your body!
* * * LOW HITPOINT WARNING * * *
The orc priest begins to cast a cantrip, but forgets the words!
The orc priest hits you but does no damage.
Grinder blinks!
It was a potion of invisibility.
You fade into invisibility!
You block the orc priest's attack. x2
You are very lightly contaminated with residual magic.
Okay, then.
The orc priest closely misses you. You furiously retaliate!
You headbutt the orc priest.
Things that are here:
a +0 club; an orc corpse The orc priest hits you with a +0 mace.
You die...

###
########....
#...@o.....#
#..)o).5.<.#
##)###.....#
#...# .....#
#.#.# %...#
#.#.# ....#
#.#(# ...#
##.#.# (..#
##..#..


You could see Grinder and 2 orc priests.

Vanquished Creatures
  A dart slug (D:1)
  A leopard gecko (D:1)
  2 orcs (D:3)
  7 bats (D:1)
  4 hobgoblins (D:1)
  3 jackals (D:1)
  6 kobolds
  6 goblins
  A rat (D:1)
31 creatures vanquished.

Notes
Turn   | Place    | Note
-------+----------+-------------------------------------------
     0 | D:1      | P0ring the Minotaur Fighter began the quest for the Orb.
     0 | D:1      | Reached XP level 1. HP: 19/19 MP: 0/0
   237 | D:1      | Reached XP level 2. HP: 27/27 MP: 1/1
   589 | D:1      | Reached XP level 3. HP: 31/33 MP: 2/2
  1368 | D:2      | You fall into a shaft and drop 1 floor!
  1369 | D:3      | Found a glowing golden altar of the Shining One.
  1386 | D:3      | Noticed Grinder
  1394 | D:3      | HP: 1/33 [Grinder/nerve-wracking pain (13)]
  1398 | D:3      | Slain by an orc priest

Levels and vault maps discovered:
D:1:      minmay_arrival_plants_in_alcoves, layout_basic
D:2:      layout_basic, first_ration
D:3:      layout_rooms, nicolae_tso_swordbearing_angel,
          lemuel_coloured_pillars_altar, uniq_grinder

Skill      XL: |  1  2  3 |
---------------+----------+-----
Armour         | 4 |  4.2
Shields        | 4 |  4.2
Fighting       | 4 |  4.0
Polearms       | 3 |  3.0

Action                   || total
-------------------------++-------
Melee: Trident           ||    87
       Headbutt          ||     8
  Use: Potion            ||     1
  Eat: Chunk             ||     2
Armor: Scale mail        ||    58
Dodge: Dodged            ||    46
Block: Shield            ||    65
